Blackdemons vs Sewer Rats
(R2)
Created - 16 mai 2016 at 22:04
Goals
|
| Blackdemons |
0 |
0 |
2 |
2 |
| Sewer Rats |
0 |
2 |
2 |
4 |
|
Shots
|
| Blackdemons |
13 |
3 |
15 |
31 |
| Sewer Rats |
6 |
16 |
12 |
34 |
|
1st period
No Goal
Penalties :
Michael Haley (MJM) for Interference (Minor) at 5:45, Vojtech Polak (Tol) for Hooking (Minor) at 13:39, Matt Lashoff (Tol) for Holding (Minor) at 16:12
2nd period
1. Sewer Rats , Kyle Turris 5 (Mark Mancari, Matt Lashoff) at 8:53
2. Sewer Rats , Mark Mancari 4 (Tim Ramholt) at 11:36
Penalties :
Shawn Matthias (MJM) for Interference (Minor) at 0:34, Steven Kampfer (Tol) for Hooking (Minor) at 6:33, Ville Leino (Tol) for Holding (Minor) at 13:51, Michael Haley (MJM) for Holding (Minor) at 14:15, Mark Mancari (Tol) for Holding (Minor) at 18:16
3rd period
3. Sewer Rats , Vojtech Polak 5 (Peter Mueller, Nick Palmieri) at 4:38
4. Blackdemons , Patrice Cormier 3 (Enver Lisin, Zach Boychuk) at 5:57
5. Blackdemons , Zach Boychuk 3 (Steve Oleksy, Jeffrey Foss) at 10:55
6. Sewer Rats , Ville Leino 7 (Peter Mueller, Nick Palmieri) at 19:59 (Empty Net)
Penalties :
Jakub Kindl (MJM) for Hooking (Minor) at 1:05, Steven Kampfer (Tol) for Hooking (Minor) at 7:55, Richard Park (MJM) for Tripping (Minor) at 17:09
Goalie Stats
Chris Mason (MJM), 30 saves from 33 shots - (0,909), L, 5-2-0, 59:24 minutes
Martin Biron (Tol), 29 saves from 31 shots - (0,935), W, 7-1-0, 60:00 minutes
Players Stats for Blackdemons
Player Name G A P +/- PIM S H SB GA TA FO MP PP MP PK MP
------------------------------------------------------------------------------------
Andrew MacDonald 0 0 0 -2 0 0 1 0 1 2 0/0 21:16 3:41 3:22
Barry Tallackson 0 0 0 -1 0 3 1 1 1 0 1/2 21:15 4:51 4:36
Bryan Rust 0 0 0 -1 0 0 0 0 0 0 0/0 2:39 1:02 0:00
Enver Lisin 0 1 1 0 0 5 5 0 2 1 5/8 25:25 5:28 4:11
Eric Wellwood 0 0 0 0 0 0 1 1 0 0 0/1 12:08 0:00 0:49
Jakub Kindl 0 0 0 -2 2 0 4 0 0 0 0/0 20:20 3:57 2:21
Jeffrey Foss 0 1 1 0 0 1 0 1 0 0 0/0 10:42 0:14 1:01
Mathieu Dandenault 0 0 0 0 0 5 4 0 0 1 2/3 15:55 0:00 2:49
Matt Hunwick 0 0 0 0 0 2 0 3 0 4 0/0 29:04 6:04 4:58
Matt Irwin 0 0 0 0 0 2 4 3 0 1 0/0 29:04 6:04 4:58
Michael Haley 0 0 0 -1 4 1 6 1 0 2 0/0 16:28 4:19 0:00
Patrice Cormier 1 0 1 0 0 2 2 1 0 0 9/23 13:38 0:00 2:13
Richard Park 0 0 0 0 2 1 0 0 0 1 0/0 8:11 0:00 2:02
Shawn Matthias 0 0 0 -2 2 4 1 0 0 0 8/16 17:20 5:28 0:00
Steve Oleksy 0 1 1 0 0 1 0 1 1 0 0/0 9:44 0:38 0:00
Steven Zalewski 0 0 0 0 0 0 0 0 0 0 3/5 4:07 0:00 0:00
Wayne Primeau 0 0 0 0 0 0 1 1 0 1 4/8 15:12 4:20 0:00
Zach Boychuk 1 1 2 -1 0 4 3 1 0 0 2/2 17:32 5:28 0:00
Players Stats for Sewer Rats
Player Name G A P +/- PIM S H SB GA TA FO MP PP MP PK MP
------------------------------------------------------------------------------------
Derek Dorsett 0 0 0 -1 0 1 1 0 0 0 0/0 5:30 0:08 0:00
Jared Boll 0 0 0 0 0 2 0 1 3 0 1/2 12:42 0:35 0:00
Jarred Tinordi 0 0 0 1 0 0 0 1 0 0 0/0 4:06 0:00 0:00
John-Michael Liles 0 0 0 2 0 2 2 1 0 2 0/0 27:51 4:55 6:42
Jonathan Marchessault 0 0 0 -1 0 0 0 0 0 0 2/4 4:56 0:00 0:00
Jonathan Paiement 0 0 0 -2 0 1 0 1 0 0 0/0 8:47 0:00 0:50
Kyle Quincey 0 0 0 1 0 0 1 1 1 1 0/0 19:56 3:25 3:27
Kyle Turris 1 0 1 2 0 1 2 0 1 0 1/10 14:12 3:15 1:14
Lars Eller 0 0 0 0 0 3 1 0 0 0 8/10 13:35 0:00 2:41
Mark Mancari 1 1 2 2 2 3 3 1 0 0 0/0 15:33 3:15 2:12
Matt Lashoff 0 1 1 1 2 2 0 2 2 1 0/0 19:34 3:25 2:34
Mattias Ekholm 0 0 0 1 0 0 1 1 0 0 0/0 5:08 0:00 0:30
Nick Palmieri 0 2 2 1 0 5 2 0 1 0 0/1 25:14 5:02 4:24
Patrick Bordeleau 0 0 0 0 0 0 0 0 0 0 0/0 9:43 0:00 0:00
Peter Mueller 0 2 2 1 0 4 1 1 1 0 16/30 20:18 4:33 3:10
Steven Kampfer 0 0 0 -2 4 0 1 2 1 0 0/0 8:01 0:00 0:00
Tim Ramholt 0 1 1 2 0 2 0 0 0 0 0/0 27:12 4:55 6:35
Tom Sestito 0 0 0 -1 0 0 0 0 0 0 0/0 5:42 0:00 0:38
Ville Leino 1 0 1 1 2 6 1 1 3 0 5/9 23:51 4:57 4:03
Vojtech Polak 1 0 1 2 2 2 2 0 0 1 1/2 16:09 3:15 2:16
3 Stars
1 - Mark Mancari (Tol)
2 - Kyle Turris (Tol)
3 - Zach Boychuk (MJM)
Power Play
Blackdemons - 0 on 6 Attempt(s) - 0,00%
Sewer Rats - 0 on 5 Attempt(s) - 0,00%
Penalty Kill
Blackdemons - 5 on 5 Attempt(s) - 100,00%
- Score 0 goal in Penalty Kill
Sewer Rats - 6 on 6 Attempt(s) - 100,00%
- Score 0 goal in Penalty Kill
Team Stat
Blackdemons - Hits : 33 - Faceoff Wins : 34 - Blocked Shots : 14 - Penalty Minutes : 10
Sewer Rats - Hits : 18 - Faceoff Wins : 34 - Blocked Shots : 13 - Penalty Minutes : 12
Official
Referees : Rehman Kyle and McCreary Bill
Linesman : Scott Driscoll and Ryan Galloway
Game Notes
Ville Leino has scored in a empty net!
Finance
Level 1 -- Attendance: 1951 (97,55%) -- Ticket Income 58 530 $
Level 2 -- Attendance: 1000 (100,00%) -- Ticket Income 12 000 $
Total Attendance: 2951 (98,37%)
Total Ticket Income: 70 530 $
Other Income: 3 526 $
Total Income: 74 056 $
Blackdemons
5 vs 5 Forward
Center Left Wing Right Wing Time % Phy DF OF
1 Patrice Cormier Zach Boychuk Enver Lisin 40 1 2 2
2 Shawn Matthias Michael Haley Barry Tallackson 30 1 2 2
3 Wayne Primeau Eric Wellwood Mathieu Dandenault 20 1 2 2
4 Steven Zalewski Enver Lisin Richard Park 10 1 2 2
5 vs 5 Defense
Defense Defense Time % Phy DF OF
1 Matt Hunwick Matt Irwin 40 1 2 2
2 Jakub Kindl Andrew MacDonald 30 1 2 2
3 Steve Oleksy Jeffrey Foss 20 1 2 2
4 Matt Hunwick Matt Irwin 10 1 2 2
PowerPlay Forward
Center Left Wing Right Wing Time % Phy DF OF
1 Shawn Matthias Zach Boychuk Enver Lisin 60 1 2 2
2 Wayne Primeau Michael Haley Barry Tallackson 40 1 2 2
PowerPlay Defense
Defense Defense Time % Phy DF OF
1 Matt Hunwick Matt Irwin 60 1 2 2
2 Jakub Kindl Andrew MacDonald 40 1 2 2
Penalty Kill 4 Players Forward
Center Wing Time % Phy DF OF
1 Enver Lisin Barry Tallackson 60 1 2 2
2 Mathieu Dandenault Richard Park 40 1 2 2
Penalty Kill 4 Players Defense
Defense Defense Time % Phy DF OF
1 Matt Hunwick Matt Irwin 60 1 2 2
2 Jakub Kindl Andrew MacDonald 40 1 2 2
Penalty Kill - 3 Players Forward
Forward Time % Phy DF OF
1 Enver Lisin 60 1 2 2
2 Barry Tallackson 40 1 2 2
Penalty Kill - 3 Players Defense
Defense Defense Time % Phy DF OF
1 Matt Hunwick Matt Irwin 60 1 2 2
2 Jakub Kindl Andrew MacDonald 40 1 2 2
4 vs 4 Forward
Center Wing Time % Phy DF OF
1 Enver Lisin Barry Tallackson 60 1 2 2
2 Mathieu Dandenault Richard Park 40 1 2 2
4 vs 4 Defense
Defense Defense Time % Phy DF OF
1 Matt Hunwick Matt Irwin 60 1 2 2
2 Jakub Kindl Andrew MacDonald 40 1 2 2
Last Minutes Offensive
Center Left Wing Right Wing Defense Defense
Shawn Matthias Zach Boychuk Enver Lisin Matt Hunwick Matt Irwin
Last Minutes Defensive
Center Left Wing Right Wing Defense Defense
Shawn Matthias Zach Boychuk Enver Lisin Matt Hunwick Matt Irwin
Goaltenders
Starting : Chris Mason
Backup : Andrew Hammond
Extra Forwards
Normal : Bryan Rust, Eric Wellwood, Patrice Cormier - PP : Bryan Rust, Eric Wellwood - PK : Patrice Cormier
Extra Defensemen
Normal : Steve Oleksy, Jeffrey Foss, Jakub Kindl - PP : Steve Oleksy - PK : Jeffrey Foss, Jakub Kindl
Penalty Shots
Enver Lisin, Barry Tallackson, Mathieu Dandenault, Richard Park, Shawn Matthias
Sewer Rats
5 vs 5 Forward
Center Left Wing Right Wing Time % Phy DF OF
1 Peter Mueller Ville Leino Nick Palmieri 40 1 2 2
2 Kyle Turris Vojtech Polak Mark Mancari 30 1 2 2
3 Lars Eller Patrick Bordeleau Jared Boll 20 1 2 2
4 Jonathan Marchessault Tom Sestito Derek Dorsett 10 1 2 2
5 vs 5 Defense
Defense Defense Time % Phy DF OF
1 Tim Ramholt John-Michael Liles 40 1 2 2
2 Matt Lashoff Kyle Quincey 30 1 2 2
3 Steven Kampfer Jonathan Paiement 20 1 2 2
4 Mattias Ekholm Jarred Tinordi 10 1 2 2
PowerPlay Forward
Center Left Wing Right Wing Time % Phy DF OF
1 Peter Mueller Ville Leino Nick Palmieri 60 1 2 2
2 Kyle Turris Vojtech Polak Mark Mancari 40 1 2 2
PowerPlay Defense
Defense Defense Time % Phy DF OF
1 Tim Ramholt John-Michael Liles 60 1 2 2
2 Matt Lashoff Kyle Quincey 40 1 2 2
Penalty Kill 4 Players Forward
Center Wing Time % Phy DF OF
1 Ville Leino Nick Palmieri 60 1 2 2
2 Peter Mueller Mark Mancari 40 1 2 2
Penalty Kill 4 Players Defense
Defense Defense Time % Phy DF OF
1 Tim Ramholt John-Michael Liles 60 1 2 2
2 Matt Lashoff Kyle Quincey 40 1 2 2
Penalty Kill - 3 Players Forward
Forward Time % Phy DF OF
1 Ville Leino 60 1 2 2
2 Nick Palmieri 40 1 2 2
Penalty Kill - 3 Players Defense
Defense Defense Time % Phy DF OF
1 Tim Ramholt John-Michael Liles 60 1 2 2
2 Matt Lashoff Kyle Quincey 40 1 2 2
4 vs 4 Forward
Center Wing Time % Phy DF OF
1 Ville Leino Nick Palmieri 60 1 2 2
2 Peter Mueller Mark Mancari 40 1 2 2
4 vs 4 Defense
Defense Defense Time % Phy DF OF
1 Tim Ramholt John-Michael Liles 60 1 2 2
2 Matt Lashoff Kyle Quincey 40 1 2 2
Last Minutes Offensive
Center Left Wing Right Wing Defense Defense
Peter Mueller Ville Leino Nick Palmieri Tim Ramholt John-Michael Liles
Last Minutes Defensive
Center Left Wing Right Wing Defense Defense
Peter Mueller Ville Leino Nick Palmieri Tim Ramholt John-Michael Liles
Goaltenders
Starting : Martin Biron
Backup : Richard Bachman
Extra Forwards
Normal : Jared Boll, Derek Dorsett, Lars Eller - PP : Jared Boll, Derek Dorsett - PK : Lars Eller
Extra Defensemen
Normal : Steven Kampfer, Jonathan Paiement, Mattias Ekholm - PP : Steven Kampfer - PK : Jonathan Paiement, Mattias Ekholm
Penalty Shots
Ville Leino, Nick Palmieri, Peter Mueller, Mark Mancari, Vojtech Polak
% Time on Ice - Blackdemons
Lines # - Real PCT - Wanted PCT - Time Play
Normal Forward
1 - 30% - 40% - 11:38
2 - 31% - 30% - 12:12
3 - 28% - 20% - 11:03
4 - 11% - 10% - 4:07
Normal Defense
1 - 38% - 40% - 14:53
2 - 34% - 30% - 13:27
3 - 23% - 20% - 9:06
4 - 4% - 10% - 1:34
PP Forward
1 - 53% - 60% - 5:28
2 - 47% - 40% - 4:51
PP Defense
1 - 59% - 60% - 6:08
2 - 41% - 40% - 4:11
PK Forward
1 - 66% - 60% - 5:31
2 - 34% - 40% - 2:49
PK Defense
1 - 60% - 60% - 4:58
2 - 40% - 40% - 3:22
PK3 Forward
1 - 0% - 60%
2 - 0% - 40%
PK3 Defense
1 - 0% - 60%
2 - 0% - 40%
44 Forward
1 - 80% - 60% - 1:16
2 - 20% - 40% - 0:19
44 Defense
1 - 52% - 60% - 0:49
2 - 48% - 40% - 0:46
Last Minute Offensive - 0:46
Last Minute Defensive - 0:00
Total
Forward - 60:00
Defense - 60:00
|
% Time on Ice - Sewer Rats
Lines # - Real PCT - Wanted PCT - Time Play
Normal Forward
1 - 38% - 40% - 14:46
2 - 25% - 30% - 9:35
3 - 25% - 20% - 9:43
4 - 13% - 10% - 4:56
Normal Defense
1 - 36% - 40% - 14:00
2 - 33% - 30% - 12:57
3 - 20% - 20% - 7:57
4 - 11% - 10% - 4:06
PP Forward
1 - 61% - 60% - 5:05
2 - 39% - 40% - 3:15
PP Defense
1 - 59% - 60% - 4:55
2 - 41% - 40% - 3:25
PK Forward
1 - 62% - 60% - 6:24
2 - 38% - 40% - 3:55
PK Defense
1 - 65% - 60% - 6:45
2 - 35% - 40% - 3:34
PK3 Forward
1 - 0% - 60%
2 - 0% - 40%
PK3 Defense
1 - 0% - 60%
2 - 0% - 40%
44 Forward
1 - 100% - 60% - 1:35
2 - 0% - 40% - 0:00
44 Defense
1 - 59% - 60% - 0:56
2 - 41% - 40% - 0:39
Last Minute Offensive - 0:00
Last Minute Defensive - 0:46
Total
Forward - 60:00
Defense - 60:00
|
Play by Play
1st period
0:01 of 1st period - Peter Mueller wins face-off versus Patrice Cormier in neutral zone.
0:26 of 1st period - Matt Hunwick is hit by Vojtech Polak and loses puck.
0:33 of 1st period - Tim Ramholt is hit by Jakub Kindl and loses puck.
1:08 of 1st period - Jeffrey Foss is hit by Kyle Quincey and loses puck.
1:19 of 1st period - Snap shot by Derek Dorsett.
1:19 of 1st period - Stopped by Chris Mason without a rebound.
1:20 of 1st period - Patrice Cormier wins face-off versus Peter Mueller in Blackdemons zone.
1:20 of 1st period - Patrice Cormier is hit by Steven Kampfer.
1:44 of 1st period - Matt Irwin is hit by Kyle Turris and loses puck.
1:57 of 1st period - Matt Irwin is hit by Mattias Ekholm and loses puck.
2:25 of 1st period - Slapshot by Mark Mancari.
2:25 of 1st period - Shot Misses the Net.
2:27 of 1st period - Slapshot by John-Michael Liles.
2:27 of 1st period - Shot Misses the Net.
2:29 of 1st period - Slapshot by Tim Ramholt.
2:29 of 1st period - Stopped by Chris Mason with a rebound.
2:43 of 1st period - Slapshot by Matt Irwin.
2:43 of 1st period - Deflect By Shawn Matthias.
2:43 of 1st period - Stopped by Martin Biron without a rebound.
2:44 of 1st period - Patrice Cormier wins face-off versus Peter Mueller in Sewer Rats zone.
2:51 of 1st period - Wrist shot by Enver Lisin.
2:51 of 1st period - Stopped by Martin Biron without a rebound.
2:52 of 1st period - Ville Leino wins face-off versus Patrice Cormier in Sewer Rats zone.
3:17 of 1st period - Snap shot by Nick Palmieri.
3:17 of 1st period - Stopped by Chris Mason without a rebound.
3:18 of 1st period - Lars Eller wins face-off versus Wayne Primeau in Blackdemons zone.
3:43 of 1st period - Nick Palmieri is hit by Enver Lisin and loses puck.
4:01 of 1st period - Off-side.
4:02 of 1st period - Jonathan Marchessault wins face-off versus Barry Tallackson in neutral zone.
4:17 of 1st period - John-Michael Liles is hit by Shawn Matthias and loses puck.
4:36 of 1st period - Snap shot by Zach Boychuk.
4:36 of 1st period - Shot Misses the Net.
4:49 of 1st period - Wrist shot by Matt Hunwick.
4:49 of 1st period - Shot Hit the Post.
4:51 of 1st period - Slapshot by Matt Hunwick.
4:51 of 1st period - Shot Blocked by Jared Boll.
4:53 of 1st period - Snap shot by Wayne Primeau.
4:53 of 1st period - Shot Misses the Net.
4:55 of 1st period - Slapshot by Matt Hunwick.
4:55 of 1st period - Shot Blocked by Kyle Quincey.
4:57 of 1st period - Snap shot by Matt Hunwick.
4:57 of 1st period - Stopped by Martin Biron without a rebound.
4:58 of 1st period - Steven Zalewski wins face-off versus Nick Palmieri in Sewer Rats zone.
5:01 of 1st period - Snap shot by Enver Lisin.
5:01 of 1st period - Shot Misses the Net.
5:25 of 1st period - Kyle Turris is hit by Mathieu Dandenault and loses puck.
5:45 of 1st period - Minor Penalty to Michael Haley for Interference.
5:46 of 1st period - Enver Lisin wins face-off versus Ville Leino in Blackdemons zone.
5:53 of 1st period - Nick Palmieri is hit by Enver Lisin and loses puck.
7:40 of 1st period - Patrice Cormier is hit by Derek Dorsett and loses puck.
7:45 of 1st period - Penalty to Michael Haley is over, Michael Haley is back on ice.
8:05 of 1st period - Steve Oleksy is hit by John-Michael Liles and loses puck.
8:42 of 1st period - Lars Eller is hit by Mathieu Dandenault and loses puck.
8:53 of 1st period - Wayne Primeau is hit by Lars Eller and loses puck.
9:00 of 1st period - Jonathan Paiement is hit by Mathieu Dandenault and loses puck.
9:27 of 1st period - Patrick Bordeleau is hit by Wayne Primeau and loses puck.
9:48 of 1st period - Slapshot by Mathieu Dandenault.
9:48 of 1st period - Stopped by Martin Biron with a rebound.
9:50 of 1st period - Slapshot by Jeffrey Foss.
9:50 of 1st period - Stopped by Martin Biron with a rebound.
10:21 of 1st period - Jared Boll is hit by Matt Irwin and loses puck.
10:38 of 1st period - Wrist shot by Mathieu Dandenault.
10:38 of 1st period - Shot Blocked by Mattias Ekholm.
10:40 of 1st period - Slapshot by Andrew MacDonald.
10:40 of 1st period - Shot Misses the Net.
10:42 of 1st period - Slapshot by Mathieu Dandenault.
10:42 of 1st period - Stopped by Martin Biron with a rebound.
10:54 of 1st period - Snap shot by Matt Irwin.
10:54 of 1st period - Stopped by Martin Biron with a rebound.
10:58 of 1st period - Slapshot by Matt Irwin.
10:58 of 1st period - Shot Blocked by Jarred Tinordi.
11:00 of 1st period - Wrist shot by Eric Wellwood.
11:00 of 1st period - Shot Misses the Net.
11:12 of 1st period - Slapshot by Andrew MacDonald.
11:12 of 1st period - Shot Misses the Net.
11:25 of 1st period - Slapshot by John-Michael Liles.
11:25 of 1st period - Shot Misses the Net.
11:30 of 1st period - Off-side.
11:31 of 1st period - Patrice Cormier wins face-off versus Peter Mueller in neutral zone.
12:02 of 1st period - Off-side.
12:03 of 1st period - Shawn Matthias wins face-off versus Kyle Turris in neutral zone.
12:28 of 1st period - Mark Mancari is hit by Zach Boychuk.
12:34 of 1st period - Wrist shot by Mark Mancari.
12:34 of 1st period - Shot Misses the Net.
12:50 of 1st period - Slapshot by Matt Irwin.
12:50 of 1st period - Deflect By Shawn Matthias.
12:50 of 1st period - Stopped by Martin Biron without a rebound.
12:51 of 1st period - Shawn Matthias wins face-off versus Peter Mueller in Sewer Rats zone.
12:52 of 1st period - Slapshot by Barry Tallackson.
12:52 of 1st period - Deflect By Shawn Matthias.
12:52 of 1st period - Stopped by Martin Biron with a rebound.
12:54 of 1st period - Wrist shot by Barry Tallackson.
12:54 of 1st period - Stopped by Martin Biron without a rebound.
12:55 of 1st period - Shawn Matthias wins face-off versus Peter Mueller in Sewer Rats zone.
13:04 of 1st period - Snap shot by Barry Tallackson.
13:04 of 1st period - Stopped by Martin Biron with a rebound.
13:06 of 1st period - Snap shot by Michael Haley.
13:06 of 1st period - Stopped by Martin Biron with a rebound.
13:28 of 1st period - Snap shot by Barry Tallackson.
13:28 of 1st period - Shot Misses the Net.
13:30 of 1st period - Wrist shot by Barry Tallackson.
13:30 of 1st period - Shot Blocked by Matt Lashoff.
13:32 of 1st period - Snap shot by Barry Tallackson.
13:32 of 1st period - Shot Misses the Net.
13:34 of 1st period - Snap shot by Shawn Matthias.
13:34 of 1st period - Stopped by Martin Biron without a rebound.
13:35 of 1st period - Patrice Cormier wins face-off versus Vojtech Polak in Sewer Rats zone.
13:39 of 1st period - Minor Penalty to Vojtech Polak for Hooking.
13:40 of 1st period - Ville Leino wins face-off versus Shawn Matthias in Sewer Rats zone.
13:46 of 1st period - Off-side.
13:47 of 1st period - Shawn Matthias wins face-off versus Ville Leino in neutral zone.
15:39 of 1st period - Penalty to Vojtech Polak is over, Vojtech Polak is back on ice.
15:56 of 1st period - Snap shot by Jared Boll.
15:56 of 1st period - Shot Blocked by Matt Hunwick.
15:58 of 1st period - Snap shot by Jared Boll.
15:58 of 1st period - Deflect By Lars Eller.
15:58 of 1st period - Stopped by Chris Mason without a rebound.
15:59 of 1st period - Steven Zalewski wins face-off versus Kyle Turris in Blackdemons zone.
16:12 of 1st period - Minor Penalty to Matt Lashoff for Holding.
16:13 of 1st period - Ville Leino wins face-off versus Wayne Primeau in Sewer Rats zone.
16:13 of 1st period - Ville Leino is hit by Barry Tallackson.
18:12 of 1st period - Penalty to Matt Lashoff is over, Matt Lashoff is back on ice.
18:43 of 1st period - Wrist shot by Vojtech Polak.
18:43 of 1st period - Stopped by Chris Mason without a rebound.
18:44 of 1st period - Patrice Cormier wins face-off versus Jonathan Marchessault in Blackdemons zone.
19:34 of 1st period - Wrist shot by Mark Mancari.
19:34 of 1st period - Stopped by Chris Mason with a rebound.
19:36 of 1st period - Snap shot by Vojtech Polak.
19:36 of 1st period - Shot Blocked by Barry Tallackson.
19:38 of 1st period - Wrist shot by Mark Mancari.
19:38 of 1st period - Shot Misses the Net.
Goals for this period are 0 for Blackdemons vs 0 for Sewer Rats.
Shots for this period are 13 for Blackdemons vs 6 for Sewer Rats.
2nd period
0:01 of 2nd period - Peter Mueller wins face-off versus Patrice Cormier in neutral zone.
0:34 of 2nd period - Minor Penalty to Shawn Matthias for Interference.
0:35 of 2nd period - Enver Lisin wins face-off versus Peter Mueller in Blackdemons zone.
0:50 of 2nd period - Off-side.
0:51 of 2nd period - Barry Tallackson wins face-off versus Peter Mueller in neutral zone.
1:02 of 2nd period - Slapshot by Peter Mueller.
1:02 of 2nd period - Shot Misses the Net.
1:04 of 2nd period - Wrist shot by Ville Leino.
1:04 of 2nd period - Shot Misses the Net.
1:18 of 2nd period - Mark Mancari is hit by Matt Irwin and loses puck.
2:34 of 2nd period - Penalty to Shawn Matthias is over, Shawn Matthias is back on ice.
2:39 of 2nd period - Icing by Kyle Turris.
2:40 of 2nd period - Wayne Primeau wins face-off versus Kyle Turris in Sewer Rats zone.
2:59 of 2nd period - Wrist shot by Vojtech Polak.
2:59 of 2nd period - Shot Misses the Net.
3:05 of 2nd period - Kyle Turris is hit by Enver Lisin and loses puck.
3:22 of 2nd period - Slapshot by Kyle Quincey.
3:22 of 2nd period - Shot Misses the Net.
3:24 of 2nd period - Slapshot by Matt Lashoff.
3:24 of 2nd period - Deflect By Derek Dorsett.
3:24 of 2nd period - Shot Blocked by Michael Haley.
3:24 of 2nd period - Puck is out of play.
3:25 of 2nd period - Peter Mueller wins face-off versus Patrice Cormier in Blackdemons zone.
3:40 of 2nd period - Slapshot by Tim Ramholt.
3:40 of 2nd period - Deflect By Matt Hunwick.
3:40 of 2nd period - Stopped by Chris Mason with a rebound.
4:01 of 2nd period - Wrist shot by Matt Hunwick.
4:01 of 2nd period - Deflect By Jonathan Paiement.
4:01 of 2nd period - Stopped by Martin Biron without a rebound.
4:02 of 2nd period - Peter Mueller wins face-off versus Patrice Cormier in Sewer Rats zone.
4:11 of 2nd period - Snap shot by Nick Palmieri.
4:11 of 2nd period - Shot Misses the Net.
5:08 of 2nd period - Slapshot by Enver Lisin.
5:08 of 2nd period - Shot Hit the Post.
5:42 of 2nd period - Slapshot by Tim Ramholt.
5:42 of 2nd period - Deflect By Mark Mancari.
5:42 of 2nd period - Stopped by Chris Mason without a rebound.
5:43 of 2nd period - Peter Mueller wins face-off versus Patrice Cormier in Blackdemons zone.
6:10 of 2nd period - Jeffrey Foss is hit by Vojtech Polak.
6:20 of 2nd period - Snap shot by Mark Mancari.
6:20 of 2nd period - Shot Misses the Net.
6:26 of 2nd period - Steven Kampfer is hit by Michael Haley and loses puck.
6:33 of 2nd period - Minor Penalty to Steven Kampfer for Hooking.
6:34 of 2nd period - Ville Leino wins face-off versus Enver Lisin in Sewer Rats zone.
6:49 of 2nd period - Slapshot by Enver Lisin.
6:49 of 2nd period - Shot Misses the Net.
7:33 of 2nd period - Matt Lashoff is hit by Jakub Kindl and loses puck.
7:50 of 2nd period - Matt Hunwick is hit by Nick Palmieri.
8:20 of 2nd period - Lars Eller is hit by Michael Haley and loses puck.
8:31 of 2nd period - Kyle Quincey is hit by Jakub Kindl and loses puck.
8:33 of 2nd period - Penalty to Steven Kampfer is over, Steven Kampfer is back on ice.
8:53 of 2nd period - Backhand shot by Kyle Turris.
8:53 of 2nd period - Goal by Kyle Turris - Blackdemons : 0 - Sewer Rats : 1.
8:54 of 2nd period - Patrice Cormier wins face-off versus Kyle Turris in neutral zone.
8:59 of 2nd period - Wrist shot by Enver Lisin.
8:59 of 2nd period - Stopped by Martin Biron without a rebound.
9:00 of 2nd period - Kyle Turris wins face-off versus Patrice Cormier in Sewer Rats zone.
9:00 of 2nd period - Kyle Turris is hit by Patrice Cormier.
9:10 of 2nd period - Snap shot by Zach Boychuk.
9:10 of 2nd period - Shot Misses the Net.
9:28 of 2nd period - Peter Mueller is hit by Michael Haley and loses puck.
9:59 of 2nd period - Wrist shot by Lars Eller.
9:59 of 2nd period - Shot Misses the Net.
10:44 of 2nd period - Jakub Kindl is hit by Ville Leino and loses puck.
11:03 of 2nd period - Slapshot by Jared Boll.
11:03 of 2nd period - Stopped by Chris Mason with a rebound.
11:05 of 2nd period - Snap shot by Lars Eller.
11:05 of 2nd period - Deflect By Jared Boll.
11:05 of 2nd period - Shot Blocked by Wayne Primeau.
11:05 of 2nd period - Puck is out of play.
11:06 of 2nd period - Peter Mueller wins face-off versus Patrice Cormier in Blackdemons zone.
11:09 of 2nd period - Wrist shot by Nick Palmieri.
11:09 of 2nd period - Stopped by Chris Mason with a rebound.
11:11 of 2nd period - Backhand shot by Nick Palmieri.
11:11 of 2nd period - Shot Misses the Net.
11:13 of 2nd period - Snap shot by John-Michael Liles.
11:13 of 2nd period - Stopped by Chris Mason with a rebound.
11:15 of 2nd period - Slapshot by John-Michael Liles.
11:15 of 2nd period - Stopped by Chris Mason with a rebound.
11:17 of 2nd period - Snap shot by Nick Palmieri.
11:17 of 2nd period - Shot Blocked by Zach Boychuk.
11:19 of 2nd period - Wrist shot by Nick Palmieri.
11:19 of 2nd period - Stopped by Chris Mason with a rebound.
11:21 of 2nd period - Wrist shot by Ville Leino.
11:21 of 2nd period - Deflect By Nick Palmieri.
11:21 of 2nd period - Shot Misses the Net.
11:21 of 2nd period - Puck is out of play.
11:22 of 2nd period - Shawn Matthias wins face-off versus Kyle Turris in Blackdemons zone.
11:36 of 2nd period - Snap shot by Mark Mancari.
11:36 of 2nd period - Goal by Mark Mancari - Blackdemons : 0 - Sewer Rats : 2.
11:37 of 2nd period - Peter Mueller wins face-off versus Patrice Cormier in neutral zone.
11:40 of 2nd period - Snap shot by Ville Leino.
11:40 of 2nd period - Stopped by Chris Mason with a rebound.
11:42 of 2nd period - Wrist shot by Ville Leino.
11:42 of 2nd period - Shot Misses the Net.
11:44 of 2nd period - Snap shot by Peter Mueller.
11:44 of 2nd period - Shot Blocked by Matt Irwin.
12:23 of 2nd period - Jared Boll is hit by Matt Irwin and loses puck.
13:22 of 2nd period - Snap shot by Mark Mancari.
13:22 of 2nd period - Shot Misses the Net.
13:24 of 2nd period - Snap shot by Mark Mancari.
13:24 of 2nd period - Shot Misses the Net.
13:30 of 2nd period - Slapshot by Mark Mancari.
13:30 of 2nd period - Deflect By Kyle Turris.
13:30 of 2nd period - Shot Misses the Net.
13:30 of 2nd period - Puck is out of play.
13:31 of 2nd period - Shawn Matthias wins face-off versus Peter Mueller in Blackdemons zone.
13:38 of 2nd period - Slapshot by Barry Tallackson.
13:38 of 2nd period - Shot Blocked by John-Michael Liles.
13:40 of 2nd period - Backhand shot by Michael Haley.
13:40 of 2nd period - Shot Misses the Net.
13:51 of 2nd period - Minor Penalty to Ville Leino for Holding.
13:52 of 2nd period - Lars Eller wins face-off versus Shawn Matthias in Sewer Rats zone.
13:52 of 2nd period - Tim Ramholt is hit by Zach Boychuk.
13:55 of 2nd period - Off-side.
13:56 of 2nd period - Lars Eller wins face-off versus Shawn Matthias in neutral zone.
14:04 of 2nd period - Snap shot by Nick Palmieri.
14:04 of 2nd period - Stopped by Chris Mason with a rebound.
14:06 of 2nd period - Snap shot by Lars Eller.
14:06 of 2nd period - Shot Misses the Net.
14:08 of 2nd period - Snap shot by Nick Palmieri.
14:08 of 2nd period - Shot Misses the Net.
14:10 of 2nd period - Slapshot by Tim Ramholt.
14:10 of 2nd period - Shot Misses the Net.
14:12 of 2nd period - Snap shot by Nick Palmieri.
14:12 of 2nd period - Deflect By Lars Eller.
14:12 of 2nd period - Stopped by Chris Mason without a rebound.
14:13 of 2nd period - Wayne Primeau wins face-off versus Lars Eller in Blackdemons zone.
14:15 of 2nd period - Minor Penalty to Michael Haley for Holding.
14:16 of 2nd period - Jared Boll wins face-off versus Enver Lisin in Blackdemons zone.
14:16 of 2nd period - Snap shot by Nick Palmieri.
14:16 of 2nd period - Shot Blocked by Matt Irwin.
14:20 of 2nd period - Snap shot by Jared Boll.
14:20 of 2nd period - Stopped by Chris Mason with a rebound.
14:42 of 2nd period - Matt Hunwick is hit by Nick Palmieri and loses puck.
15:01 of 2nd period - Backhand shot by Lars Eller.
15:01 of 2nd period - Shot Misses the Net.
15:25 of 2nd period - Lars Eller is hit by Eric Wellwood and loses puck.
15:34 of 2nd period - Slapshot by Matt Hunwick.
15:34 of 2nd period - Deflect By Eric Wellwood.
15:34 of 2nd period - Shot Misses the Net.
15:34 of 2nd period - Puck is out of play.
15:35 of 2nd period - Enver Lisin wins face-off versus Jared Boll in Sewer Rats zone.
15:51 of 2nd period - Penalty to Ville Leino is over, Ville Leino is back on ice.
16:15 of 2nd period - Penalty to Michael Haley is over, Michael Haley is back on ice.
16:33 of 2nd period - Snap shot by Mathieu Dandenault.
16:33 of 2nd period - Stopped by Martin Biron with a rebound.
17:31 of 2nd period - Snap shot by Ville Leino.
17:31 of 2nd period - Stopped by Chris Mason with a rebound.
17:51 of 2nd period - Slapshot by Matt Lashoff.
17:51 of 2nd period - Deflect By Richard Park.
17:51 of 2nd period - Stopped by Chris Mason with a rebound.
17:53 of 2nd period - Wrist shot by Matt Lashoff.
17:53 of 2nd period - Stopped by Chris Mason without a rebound.
17:54 of 2nd period - Patrice Cormier wins face-off versus Kyle Turris in Blackdemons zone.
17:54 of 2nd period - Patrice Cormier is hit by Mark Mancari.
18:16 of 2nd period - Minor Penalty to Mark Mancari for Holding.
18:17 of 2nd period - Peter Mueller wins face-off versus Shawn Matthias in Sewer Rats zone.
Goals for this period are 0 for Blackdemons vs 2 for Sewer Rats.
Shots for this period are 3 for Blackdemons vs 16 for Sewer Rats.
3rd period
0:01 of 3rd period - Ville Leino wins face-off versus Shawn Matthias in neutral zone.
0:16 of 3rd period - Penalty to Mark Mancari is over, Mark Mancari is back on ice.
0:41 of 3rd period - Wrist shot by Enver Lisin.
0:41 of 3rd period - Shot Misses the Net.
0:43 of 3rd period - Slapshot by Matt Hunwick.
0:43 of 3rd period - Shot Blocked by Mark Mancari.
0:45 of 3rd period - Slapshot by Zach Boychuk.
0:45 of 3rd period - Stopped by Martin Biron with a rebound.
0:47 of 3rd period - Slapshot by Matt Hunwick.
0:47 of 3rd period - Deflect By Enver Lisin.
0:47 of 3rd period - Shot Misses the Net.
0:47 of 3rd period - Puck is out of play.
0:48 of 3rd period - Lars Eller wins face-off versus Wayne Primeau in Sewer Rats zone.
0:59 of 3rd period - Slapshot by Jared Boll.
0:59 of 3rd period - Shot Blocked by Jeffrey Foss.
1:01 of 3rd period - Slapshot by Tim Ramholt.
1:01 of 3rd period - Deflect By Lars Eller.
1:01 of 3rd period - Shot Misses the Net.
1:01 of 3rd period - Puck is out of play.
1:02 of 3rd period - Wayne Primeau wins face-off versus Kyle Turris in Blackdemons zone.
1:02 of 3rd period - Wayne Primeau is hit by Mark Mancari.
1:05 of 3rd period - Minor Penalty to Jakub Kindl for Hooking.
1:06 of 3rd period - Enver Lisin wins face-off versus Peter Mueller in Blackdemons zone.
1:22 of 3rd period - Wrist shot by Ville Leino.
1:22 of 3rd period - Shot Blocked by Matt Hunwick.
2:41 of 3rd period - Kyle Quincey is hit by Mathieu Dandenault and loses puck.
2:48 of 3rd period - Richard Park is hit by Peter Mueller and loses puck.
3:05 of 3rd period - Penalty to Jakub Kindl is over, Jakub Kindl is back on ice.
3:19 of 3rd period - Snap shot by Jakub Kindl.
3:19 of 3rd period - Shot Misses the Net.
3:21 of 3rd period - Slapshot by Andrew MacDonald.
3:21 of 3rd period - Shot Misses the Net.
3:23 of 3rd period - Wrist shot by Wayne Primeau.
3:23 of 3rd period - Shot Misses the Net.
3:25 of 3rd period - Slapshot by Eric Wellwood.
3:25 of 3rd period - Deflect By Mathieu Dandenault.
3:25 of 3rd period - Stopped by Martin Biron without a rebound.
3:26 of 3rd period - Lars Eller wins face-off versus Wayne Primeau in Sewer Rats zone.
3:31 of 3rd period - Snap shot by Kyle Quincey.
3:31 of 3rd period - Shot Blocked by Eric Wellwood.
3:53 of 3rd period - Matt Lashoff is hit by Matt Irwin and loses puck.
3:58 of 3rd period - Snap shot by Enver Lisin.
3:58 of 3rd period - Stopped by Martin Biron without a rebound.
3:59 of 3rd period - Peter Mueller wins face-off versus Shawn Matthias in Sewer Rats zone.
3:59 of 3rd period - Peter Mueller is hit by Michael Haley.
4:05 of 3rd period - Wrist shot by Ville Leino.
4:05 of 3rd period - Shot Misses the Net.
4:17 of 3rd period - Jonathan Paiement is hit by Michael Haley and loses puck.
4:34 of 3rd period - Wrist shot by Vojtech Polak.
4:34 of 3rd period - Shot Blocked by Patrice Cormier.
4:36 of 3rd period - Wrist shot by Vojtech Polak.
4:36 of 3rd period - Shot Misses the Net.
4:38 of 3rd period - Snap shot by Vojtech Polak.
4:38 of 3rd period - Goal by Vojtech Polak - Blackdemons : 0 - Sewer Rats : 3.
4:39 of 3rd period - Patrice Cormier wins face-off versus Peter Mueller in neutral zone.
5:09 of 3rd period - Wrist shot by Kyle Turris.
5:09 of 3rd period - Shot Misses the Net.
5:45 of 3rd period - Slapshot by Jakub Kindl.
5:45 of 3rd period - Deflect By Enver Lisin.
5:45 of 3rd period - Shot Misses the Net.
5:45 of 3rd period - Puck is out of play.
5:46 of 3rd period - Zach Boychuk wins face-off versus Jonathan Marchessault in Sewer Rats zone.
5:47 of 3rd period - Wrist shot by Enver Lisin.
5:47 of 3rd period - Shot Blocked by Steven Kampfer.
5:55 of 3rd period - Backhand shot by Enver Lisin.
5:55 of 3rd period - Stopped by Martin Biron with a rebound.
5:57 of 3rd period - Snap shot by Patrice Cormier.
5:57 of 3rd period - Goal by Patrice Cormier - Blackdemons : 1 - Sewer Rats : 3.
5:58 of 3rd period - Peter Mueller wins face-off versus Patrice Cormier in neutral zone.
6:00 of 3rd period - Off-side.
6:01 of 3rd period - Patrice Cormier wins face-off versus Peter Mueller in neutral zone.
6:12 of 3rd period - Nick Palmieri is hit by Zach Boychuk and loses puck.
6:54 of 3rd period - Slapshot by Ville Leino.
6:54 of 3rd period - Stopped by Chris Mason with a rebound.
7:10 of 3rd period - Snap shot by Nick Palmieri.
7:10 of 3rd period - Shot Misses the Net.
7:12 of 3rd period - Snap shot by Ville Leino.
7:12 of 3rd period - Deflect By Peter Mueller.
7:12 of 3rd period - Stopped by Chris Mason without a rebound.
7:13 of 3rd period - Zach Boychuk wins face-off versus Kyle Turris in Blackdemons zone.
7:13 of 3rd period - Zach Boychuk is hit by Mark Mancari.
7:55 of 3rd period - Minor Penalty to Steven Kampfer for Hooking.
7:56 of 3rd period - Shawn Matthias wins face-off versus Ville Leino in Sewer Rats zone.
8:25 of 3rd period - Slapshot by Matt Hunwick.
8:25 of 3rd period - Shot Misses the Net.
9:55 of 3rd period - Penalty to Steven Kampfer is over, Steven Kampfer is back on ice.
10:09 of 3rd period - Snap shot by Richard Park.
10:09 of 3rd period - Shot Blocked by Steven Kampfer.
10:11 of 3rd period - Slapshot by Steve Oleksy.
10:11 of 3rd period - Stopped by Martin Biron with a rebound.
10:13 of 3rd period - Snap shot by Richard Park.
10:13 of 3rd period - Stopped by Martin Biron without a rebound.
10:14 of 3rd period - Jonathan Marchessault wins face-off versus Steven Zalewski in Sewer Rats zone.
10:14 of 3rd period - Jonathan Marchessault is hit by Enver Lisin.
10:38 of 3rd period - Wrist shot by Nick Palmieri.
10:38 of 3rd period - Stopped by Chris Mason with a rebound.
10:40 of 3rd period - Slapshot by Steven Kampfer.
10:40 of 3rd period - Shot Misses the Net.
10:42 of 3rd period - Slapshot by Jonathan Paiement.
10:42 of 3rd period - Stopped by Chris Mason with a rebound.
10:55 of 3rd period - Snap shot by Zach Boychuk.
10:55 of 3rd period - Goal by Zach Boychuk - Blackdemons : 2 - Sewer Rats : 3.
10:56 of 3rd period - Peter Mueller wins face-off versus Patrice Cormier in neutral zone.
10:59 of 3rd period - Snap shot by Peter Mueller.
10:59 of 3rd period - Shot Blocked by Matt Hunwick.
11:01 of 3rd period - Snap shot by Ville Leino.
11:01 of 3rd period - Stopped by Chris Mason without a rebound.
11:02 of 3rd period - Peter Mueller wins face-off versus Patrice Cormier in Blackdemons zone.
11:33 of 3rd period - Michael Haley is hit by Kyle Turris and loses puck.
11:56 of 3rd period - Wrist shot by Lars Eller.
11:56 of 3rd period - Shot Misses the Net.
12:26 of 3rd period - Snap shot by Zach Boychuk.
12:26 of 3rd period - Shot Blocked by Peter Mueller.
12:42 of 3rd period - John-Michael Liles is hit by Michael Haley and loses puck.
13:28 of 3rd period - Snap shot by Barry Tallackson.
13:28 of 3rd period - Shot Blocked by Jonathan Paiement.
13:38 of 3rd period - Steven Kampfer is hit by Jakub Kindl and loses puck.
13:45 of 3rd period - Kyle Quincey is hit by Andrew MacDonald and loses puck.
14:22 of 3rd period - Icing by Mattias Ekholm.
14:23 of 3rd period - Vojtech Polak wins face-off versus Patrice Cormier in Sewer Rats zone.
14:38 of 3rd period - Jared Boll is hit by Patrice Cormier and loses puck.
14:52 of 3rd period - Off-side.
14:53 of 3rd period - Shawn Matthias wins face-off versus Ville Leino in neutral zone.
15:05 of 3rd period - Snap shot by Shawn Matthias.
15:05 of 3rd period - Shot Misses the Net.
15:17 of 3rd period - Wrist shot by Barry Tallackson.
15:17 of 3rd period - Stopped by Martin Biron without a rebound.
15:18 of 3rd period - Lars Eller wins face-off versus Patrice Cormier in Sewer Rats zone.
15:18 of 3rd period - Lars Eller is hit by Enver Lisin.
15:28 of 3rd period - Slapshot by Jared Boll.
15:28 of 3rd period - Shot Misses the Net.
15:44 of 3rd period - Andrew MacDonald is hit by John-Michael Liles and loses puck.
16:07 of 3rd period - Wrist shot by Peter Mueller.
16:07 of 3rd period - Stopped by Chris Mason with a rebound.
16:27 of 3rd period - Wrist shot by Mark Mancari.
16:27 of 3rd period - Deflect By Kyle Turris.
16:27 of 3rd period - Shot Blocked by Steve Oleksy.
16:27 of 3rd period - Puck is out of play.
16:28 of 3rd period - Wayne Primeau wins face-off versus Kyle Turris in Blackdemons zone.
16:33 of 3rd period - Wrist shot by Andrew MacDonald.
16:33 of 3rd period - Deflect By Eric Wellwood.
16:33 of 3rd period - Shot Misses the Net.
16:33 of 3rd period - Puck is out of play.
16:34 of 3rd period - Lars Eller wins face-off versus Eric Wellwood in Sewer Rats zone.
16:45 of 3rd period - Snap shot by Lars Eller.
16:45 of 3rd period - Stopped by Chris Mason without a rebound.
16:46 of 3rd period - Lars Eller wins face-off versus Steven Zalewski in Blackdemons zone.
16:50 of 3rd period - Off-side.
16:51 of 3rd period - Steven Zalewski wins face-off versus Lars Eller in neutral zone.
17:06 of 3rd period - Backhand shot by Lars Eller.
17:06 of 3rd period - Shot Misses the Net.
17:09 of 3rd period - Minor Penalty to Richard Park for Tripping.
17:10 of 3rd period - Enver Lisin wins face-off versus Peter Mueller in Blackdemons zone.
17:41 of 3rd period - Wrist shot by Tim Ramholt.
17:41 of 3rd period - Shot Blocked by Matt Irwin.
17:47 of 3rd period - Slapshot by Matt Hunwick.
17:47 of 3rd period - Deflect By Mathieu Dandenault.
17:47 of 3rd period - Shot Misses the Net.
17:47 of 3rd period - Puck is out of play.
17:48 of 3rd period - Mathieu Dandenault wins face-off versus Peter Mueller in Sewer Rats zone.
17:51 of 3rd period - Wrist shot by Patrice Cormier.
17:51 of 3rd period - Deflect By Mathieu Dandenault.
17:51 of 3rd period - Shot Blocked by Matt Lashoff.
17:51 of 3rd period - Puck is out of play.
17:52 of 3rd period - Peter Mueller wins face-off versus Enver Lisin in Sewer Rats zone.
18:27 of 3rd period - Snap shot by Mathieu Dandenault.
18:27 of 3rd period - Stopped by Martin Biron with a rebound.
18:51 of 3rd period - Slapshot by Matt Irwin.
18:51 of 3rd period - Stopped by Martin Biron without a rebound.
18:52 of 3rd period - Guy Boucher call a timeout for Blackdemons.
18:52 of 3rd period - Mathieu Dandenault wins face-off versus Peter Mueller in Sewer Rats zone.
18:57 of 3rd period - Snap shot by Patrice Cormier.
18:57 of 3rd period - Stopped by Martin Biron without a rebound.
18:58 of 3rd period - Peter Mueller wins face-off versus Mathieu Dandenault in Sewer Rats zone.
19:07 of 3rd period - Wrist shot by Peter Mueller.
19:07 of 3rd period - Stopped by Chris Mason with a rebound.
19:09 of 3rd period - Penalty to Richard Park is over, Richard Park is back on ice.
19:11 of 3rd period - Wrist shot by Ville Leino.
19:11 of 3rd period - Stopped by Chris Mason with a rebound.
19:13 of 3rd period - Slapshot by Peter Mueller.
19:13 of 3rd period - Stopped by Chris Mason without a rebound.
19:14 of 3rd period - Peter Mueller wins face-off versus Shawn Matthias in Blackdemons zone.
19:23 of 3rd period - Blackdemons, Chris Mason is pulled from the net.
19:29 of 3rd period - Backhand shot by Zach Boychuk.
19:29 of 3rd period - Stopped by Martin Biron without a rebound.
19:30 of 3rd period - Peter Mueller wins face-off versus Shawn Matthias in Sewer Rats zone.
19:37 of 3rd period - Snap shot by Enver Lisin.
19:37 of 3rd period - Stopped by Martin Biron with a rebound.
19:39 of 3rd period - Snap shot by Zach Boychuk.
19:39 of 3rd period - Shot Misses the Net.
19:41 of 3rd period - Wrist shot by Matt Hunwick.
19:41 of 3rd period - Shot Blocked by Ville Leino.
19:43 of 3rd period - Backhand shot by Enver Lisin.
19:43 of 3rd period - Shot Misses the Net.
19:45 of 3rd period - Wrist shot by Zach Boychuk.
19:45 of 3rd period - Stopped by Martin Biron with a rebound.
19:47 of 3rd period - Snap shot by Matt Hunwick.
19:47 of 3rd period - Shot Misses the Net.
19:59 of 3rd period - Snap shot by Ville Leino.
19:59 of 3rd period - Goal by Ville Leino - Blackdemons : 2 - Sewer Rats : 4.
19:59 of 3rd period - Chris Mason from Blackdemons was sent back in the game.
Goals for this period are 2 for Blackdemons vs 2 for Sewer Rats.
Shots for this period are 15 for Blackdemons vs 12 for Sewer Rats.
Back to the Top